 Dungeon Crawl Stone Soup version 0.23.2-1-ga50397a6bc (webtiles) character file.

Game seed: 8878853594282407964

185 NochnoyZador the Cudgeler (level 5, -1/32 HPs)
             Began as a Gargoyle Fighter on May 3, 2019.
             Killed from afar by an orc wizard (5 damage)
             ... with a magic dart
             ... on level 4 of the Dungeon.
             The game lasted 00:06:23 (2812 turns).

NochnoyZador the Cudgeler (Gargoyle Fighter)        Turns: 2812, Time: 00:06:24

Health: -1/32      AC: 17    Str: 20    XL:     5   Next: 64%
Magic:  5/5        EV:  5    Int:  8    God:
Gold:   77         SH:  9    Dex: 10    Spells: 4/4 levels left

rFire    . . .     SeeInvis .   a - +0 flail
rCold    . . .     Gourm    .   c - +0 shield
rNeg     + . .     Faith    .   s - +3 chain mail
rPois    ∞         Spirit   .   (no helmet)
rElec    +         Reflect  .   (no cloak)
rCorr    .         Harm     .   o - +0 pair of gloves
MR       .....     Rnd*Tele +   (no boots)
Stlth    ..........             (no amulet)
HPRegen  0.10/turn              i - ring of teleportation (curse)
MPRegen  0.09/turn              (no ring)

@: no status effects
A: negative energy resistance 1, electricity resistance, unbreathing,
petrification resistance, rot immunity, AC +4
a: no special abilities


You were on level 4 of the Dungeon.
You were hungry.

You visited 1 branch of the dungeon, and saw 4 of its levels.

You collected 77 gold pieces.

Inventory:

Hand Weapons
 a - a +0 flail (weapon)
Armour
 c - a +0 shield (worn)
 o - a +0 pair of gloves (worn)
 r - a +1 ring mail of positive energy
 s - a +3 chain mail (worn)
Jewellery
 i - a cursed ring of teleportation (left hand)
Scrolls
 b - a scroll of fear {unknown}
 e - a scroll of immolation {unknown}
 h - 4 scrolls of identify {unknown}
 j - a scroll of remove curse {unknown}
 p - a scroll of noise {unknown}
 q - a scroll of random uselessness {unknown}
Potions
 d - a potion of might
 k - 2 potions of curing {unknown}
 l - 2 potions of degeneration {unknown}
 m - a potion of resistance {unknown}
 n - 2 potions of magic {unknown}
Comestibles
 f - 8 rations


   Skills:
 - Level 3.2 Fighting
 + Level 5.7 Maces & Flails
 - Level 3.2 Armour
 - Level 3.2 Shields


You had 4 spell levels left.
You didn't know any spells.
Your spell library was empty.

Dungeon Overview and Level Annotations

Branches:
Dungeon (4/15)
 Temple: D:4-7

Altars:
Cheibriados
Elyvilon
Fedhas
Gozag
Kikubaaqudgha


Innate Abilities, Weirdness & Mutations

You are resistant to torment.
Your stone body is resilient. (AC +4)
You are immune to poison.
You resist negative energy. (rN+)
You are resistant to electric shocks. (rElec)
You can survive without breathing.
You are immune to petrification.
You are immune to rotting.


Message History

You resist with some effort. You block the orc wizard's attack.
The orc completely misses you. The orc priest barely misses you.
You barely miss the orc priest.
The orc wizard hits you but does no damage.
You block the orc's attack.
The orc priest hits you but does no damage.
The orc wizard casts a spell.
The orc wizard blinks!
Your chain mail prevents you from hitting the orc priest.
The orc wizard gestures wildly while chanting.
The orc wizard blinks!
You block the orc's attack.
The orc priest looks encouraged for a moment.
The orc hits you but does no damage. You block the orc priest's attack.
You closely miss the orc priest. The orc barely misses you.
The orc priest barely misses you.
You hit the orc priest.
The orc priest is heavily wounded.
The orc wizard points at you and mumbles some strange words.
The magic dart hits you.
You die...

############
#o@..o......
#o#########.
#.# ####.##
####.....######
..............#
##..####'###..#
##.#8..#So.8# #
...#.So.#o..#


You could see an orc priest, an orc wizard and an orc.

Vanquished Creatures
  3 gnolls (D:2)
  8 adders
  A worm (D:2)
  2 dart slugs
  A leopard gecko (D:1)
  5 orcs
  A ball python (D:3)
  3 giant cockroaches
  8 goblins
  8 hobgoblins
  4 jackals (D:2)
  8 kobolds
  2 quokkas
  9 bats
  4 frilled lizards
  6 rats
73 creatures vanquished.

Vanquished Creatures (others)
  An orc wizard (D:4)
1 creature vanquished.

Grand Total: 74 creatures vanquished

Notes
Turn   | Place    | Note
-------+----------+-------------------------------------------
     0 | D:1      | NochnoyZador the Gargoyle Fighter began the quest for the
                  | Orb.
     0 | D:1      | Reached XP level 1. HP: 14/14 MP: 1/1
    80 | D:1      | Reached XP level 2. HP: 11/19 MP: 2/2
   231 | D:1      | Reached skill level 3 in Maces & Flails
   575 | D:1      | Reached XP level 3. HP: 21/23 MP: 3/3
   815 | D:2      | Found an ancient bone altar of Kikubaaqudgha.
   888 | D:2      | Found a blossoming altar of Fedhas.
  1045 | D:2      | Found a white marble altar of Elyvilon.
  1046 | D:2      | Reached skill level 4 in Maces & Flails
  1109 | D:2      | Reached XP level 4. HP: 28/28 MP: 4/4
  1238 | D:2      | Found an opulent altar of Gozag.
  1468 | D:2      | Reached skill level 5 in Maces & Flails
  1492 | D:2      | Reached XP level 5. HP: 25/32 MP: 5/5
  1558 | D:2      | Found a snail-covered altar of Cheibriados.
  2812 | D:4      | Killed from afar by an orc wizard

Skill      XL: |  1  2  3  4 |
---------------+-------------+-----
Maces & Flails | 3 4 5 |  5.7
Fighting       | |  3.2
Armour         | |  3.2
Shields        | |  3.2

Action                   |  1- 3 |  4- 6 || total
-------------------------+-------+-------++-------
Melee: Flail             |   114 |   215 ||   329
  Eat: Chunk             |     1 |     5 ||     6
Armor: Scale mail        |    60 |    43 ||   103
       Chain mail        |       |    92 ||    92
Dodge: Dodged            |    36 |    42 ||    78
Block: Shield            |    55 |   118 ||   173
